cohdb
Replays
Latest Replays
All Replays
Popular Replays
Top Player Replays
Match Explorer
How It Works
Community
CoH3 Stats
Reddit
Sign in to upload your games and track your stats! →
Sign in with Steam
Match 45219473
Unlisted
Match 45219473
Overview
Messages
Build Orders
End
Engineer Squad
Construct Weapon Support Center
M1919 Machine Gun Team
Bazooka Squad
Scout Squad
Infantry Support Center
Selects Airborne Battlegroup
Selects Pathfinders
M1919 Machine Gun Team
Selects Paratrooper Squad Paradrop
M3 Armored Personnel Carrier
Paratrooper Squad Paradrop
M3 Armored Personnel Carrier
Selects Anti-tank Gun Team Paradrop
Paratrooper Squad Paradrop
Survival Training
Tatari◑。
gr8vibezZ
Steiner attacking
rpadi
0
0
Comments
sign in to comment!
No comments posted yet!